 Dungeon Crawl Stone Soup version bcrawl-1.12-11-gb93c957c58 (console) character file.

Game seed: 2253019867590623860

67 Lexodia the Ducker (level 3, -2/29 HPs)
             Began as a Minotaur Archaeologist on July 3, 2019.
             Slain by an adder (4 damage)
             ... on level 2 of the Dungeon.
             The game lasted 00:02:57 (1047 turns).

Lexodia the Ducker (Minotaur Archaeologist)         Turns: 1047, Time: 00:02:58

Health: -2/29      AC:  8    Str: 21    XL:     3   Next: 98%
Magic:  2/2        EV: 13    Int: 11    God:
Gold:   170        SH:  0    Dex:  8    Spells: 2/2 levels left

rFire    . . .     SeeInvis .   (no weapon)
rCold    . . .     Gourm    .   (no shield)
rNeg     . . .     Faith    .   a - +1 robe
rPois    .         Spirit   .   b - +1 hat
rElec    .         Reflect  .   (no cloak)
rCorr    .         Harm     .   d - +1 pair of gloves
MR       .....                  c - +1 pair of boots
Stlth    ++........             (no amulet)
HPRegen  0.09/turn              (no ring)
MPRegen  0.08/turn              (no ring)

@: mighty, lethally poisoned (-2 -> -5), flying, studying Bows
A: retaliatory headbutt, claws 1, horns 2, evolution 1
a: no special abilities


You were on level 2 of the Dungeon.
You were not hungry.

You visited 1 branch of the dungeon, and saw 2 of its levels.

You collected 170 gold pieces.

Inventory:

Armour
 a - a +1 robe (worn)
 b - a +1 hat (worn)
 c - a +1 pair of boots (worn)
 d - a +1 pair of gloves (worn)
Scrolls
 m - 3 scrolls of identify {unknown}
Potions
 n - a potion of lignification {unknown}
Books
 e - a manual of Bows
Miscellaneous
 f - an ancient crate
Comestibles
 g - 5 rations {!d}
 h - 2 chunks of flesh


   Skills:
 - Level 2.0 Fighting
 * Level 2.3 Bows
 + Level 2.0 Armour
 + Level 3.9 Dodging
 - Level 3.0 Stealth


You had 2 spell levels left.
You didn't know any spells.
Your spell library was empty.

Dungeon Overview and Level Annotations

Branches:
Dungeon (2/12)

Altars:


Innate Abilities, Weirdness & Mutations

You reflexively headbutt those who attack you in melee.
You have a pair of horns on your head.
You have sharp fingernails.
You evolve.


Message History

The gnoll barely misses you. You furiously retaliate!
You headbutt the gnoll!
You kill the gnoll!
Your Armour skill increases to level 2!
The gnoll closely misses you. The adder barely misses you.
You feel sick.
The gnoll closely misses you. x2; You furiously retaliate!
You headbutt the gnoll.
Things that are here:
a +0 halberd; a rat corpse You hit the gnoll.
The gnoll is heavily wounded.
The frilled lizard unfolds its giant frill.
The adder barely misses you. The gnoll closely misses you.
The gnoll hits you with a +0 halberd.
You completely miss the gnoll.
The gnoll is heavily wounded.
The adder misses you.
The gnoll hits you from afar with a +3 halberd!
* * * LOW HITPOINT WARNING * * *
The gnoll misses you. The adder bites you.
You die...

# ### #. ..# ####.####
#.#
......!.#####.#######
#.....g).gg.........
##!S##g#####.###### #@#
#...## #S###.#.#.####.
#K##...)..g.##.#
#w.al###.#.#.#g##.#
#...w........##.##.#
#.......!...# #.##.# #
#......########.##.# #
#..............g##.###
.......#######..g....รท


You could see a worm, a worker ant, 2 gnolls, an adder, a kobold and a frilled
lizard.

Vanquished Creatures
  2 gnolls (D:2)
  A dart slug (D:1)
  A leopard gecko (D:1)
  8 bats
  2 giant cockroaches (D:1)
  4 goblins
  7 hobgoblins
  4 jackals (D:2)
  A ball python (D:2)
  3 frilled lizards
  2 kobolds
  A quokka skeleton (D:2)
  6 rats
42 creatures vanquished.

Notes
Turn   | Place    | Note
-------+----------+-------------------------------------------
     0 | D:1      | Lexodia the Minotaur Archaeologist began the quest for the
                  | Orb.
     0 | D:1      | Reached XP level 1. HP: 16/16 MP: 0/0
   283 | D:1      | Reached XP level 2. HP: 23/23 MP: 1/1
   299 | D:1      | Reached skill level 1 in Armour
   509 | D:1      | Reached XP level 3. HP: 23/29 MP: 2/2
   793 | D:2      | Reached skill level 1 in Bows
  1040 | D:2      | Gained mutation: You evolve. [potion of mutation]
  1040 | D:2      | Gained mutation: You have sharp fingernails. [potion of
                  | mutation]
  1047 | D:2      | Slain by an adder

Skill      XL: |  1  2  3 |
---------------+----------+-----
Armour         | 1 2 |  2.0
Stealth        | 3 |  3.0
Fighting       | 2 |  2.0
Bows           | 2 |  2.3
Dodging        | |  3.9

Action                   || total
-------------------------++-------
Melee: Unarmed           ||   163
       Headbutt          ||    20
  Use: Potion            ||     5
 Stab: Sleeping          ||     6
  Eat: Chunk             ||     1
Armor: Robe              ||    64
Dodge: Dodged            ||   119
